 Dungeon Crawl Stone Soup version 0.20-a0-795-ga03948b (webtiles) character file.

200 Alarkh the Skirmisher (level 5, -1/63 HPs)
             Began as a Demonspawn Abyssal Knight on Mar 2, 2017.
             Was a Believer of Lugonu.
             Slain by a two-headed ogre
             ... wielding a +0 giant club
              (2 damage)
             ... on level 3 of the Dungeon.
             The game lasted 00:04:32 (4315 turns).

Alarkh the Skirmisher (Demonspawn Abyssal Knight)   Turns: 4315, Time: 00:04:33

Health: -1/63      AC: 22    Str: 12    XL:     5   Next: 49%
Magic:  16/16      EV:  2    Int: 19    God:    Lugonu [**....]
Gold:   145        SH:  0    Dex: 18    Spells: 4/4 levels left

rFire    . . .     SeeInvis .   a - +1 falchion
rCold    . . .     Gourm    .   (armour currently unavailable)
rNeg     + + +     Faith    .   (no shield)
rPois    +         Spirit   .   (helmet currently unavailable)
rElec    .         Reflect  .   (cloak currently unavailable)
rCorr    .         Harm     .   (gloves currently unavailable)
MR       .....     NoTele   +   (boots currently unavailable)
Stlth    +++.......             j - amulet of rage
Regen    0.2/turn               (no ring)
MPRegen  0.2/turn               t - ring of magical power

@: brilliant, agile, tree-form
A: (talons 0), powered by pain 1
a: Depart the Abyss, Bend Space, Renounce Religion, Evoke Berserk Rage


You were on level 3 of the Dungeon.
You worshipped Lugonu.
Lugonu was pleased with you.
You were not hungry.
You were a tree.
You visited 1 branch of the dungeon, and saw 3 of its levels.
You visited the Abyss 1 time.

You collected 145 gold pieces.

Inventory:

Hand Weapons
 a - a +1 falchion (weapon)
Armour
 b - a +0 leather armour (melded)
 r - a +0 pair of boots (melded)
Jewellery
 j - an amulet of rage (around neck)
 t - a ring of magical power (left branch)
Scrolls
 e - a scroll of identify
 f - a scroll of amnesia {unknown}
 m - 2 scrolls of remove curse {unknown}
 u - a scroll of teleportation {unknown}
Potions
 i - a potion of flight
 k - a potion of haste
 l - a potion of curing
 n - a potion of ambrosia
 o - a potion of mutation
Comestibles
 c - 6 bread rations
 d - 3 fruits
 h - a meat ration
 s - 5 chunks of flesh


   Skills:
 + Level 3.8 Fighting
 * Level 3.0 Long Blades
 + Level 2.5 Armour
 + Level 2.4 Dodging
 + Level 3.7 Invocations


You had 4 spell levels left.
You didn't know any spells.

Dungeon Overview and Level Annotations

Branches:
Dungeon (3/15)

Altars:
Dithmenos
Nemelex Xobeh
Uskayaw
Wu Jian
The Shining One


Innate Abilities, Weirdness & Mutations

((You have razor-sharp toenails.))
You sometimes gain a little power by taking damage.


Message History

You barely miss the two-headed ogre. The two-headed ogre barely misses you.
The two-headed ogre hits you but does no damage.
You hit the two-headed ogre but do no damage.
The two-headed ogre hits you with a giant club!
The two-headed ogre hits you but does no damage.
You hit the two-headed ogre.
The two-headed ogre is lightly wounded.
The two-headed ogre hits you but does no damage.
The two-headed ogre hits you with a giant spiked club.
You barely miss the two-headed ogre.
The two-headed ogre is lightly wounded.
The two-headed ogre hits you with a giant club!
The two-headed ogre hits you with a giant spiked club!!
* * * LOW HITPOINT WARNING * * *
You focus on the pain.
You feel agile all of a sudden.
You hit the two-headed ogre.
The two-headed ogre is lightly wounded.
The two-headed ogre hits you with a giant club.
You die...

.. .. ##.# #..#
...# #.
#..##....
#gr....>. #O#
#♣# #†# #.# ##.#
##..#
.#######...####.
..............'.
########...####.
#.....#


You could see a two-headed ogre, a quokka and a hobgoblin.

Vanquished Creatures
  2 orc priests (D:3)
  5 adders
  An ooze (D:2)
  A worm (D:2)
  A dart slug (D:1)
  6 leopard geckos
  2 orcs (D:3)
  4 ball pythons
  3 giant cockroaches
  8 goblins
  7 hobgoblins
  11 jackals
  2 quokkas (D:2)
  8 bats
  5 frilled lizards
  6 kobolds
  5 rats
77 creatures vanquished.

Vanquished Creatures (others)
  A lurking horror (Abyss:1)
1 creature vanquished.

Grand Total: 78 creatures vanquished

Notes
Turn   | Place    | Note
-------+----------+-------------------------------------------
     0 | Abyss:1  | Alarkh the Demonspawn Abyssal Knight began the quest for the Orb.
     0 | Abyss:1  | Reached XP level 1. HP: 18/18 MP: 2/2
    43 | Abyss:1  | Found a corrupted altar of Lugonu.
    89 | Abyss:1  | Noticed a worldbinder
   191 | Abyss:1  | Noticed an orange demon
   237 | Abyss:1  | Noticed a ynoxinul
   240 | Abyss:1  | Noticed a worldbinder
   255 | Abyss:1  | Noticed a black mamba zombie
   261 | Abyss:1  | Noticed an ancient zyme
   263 | D:1      | Escaped the Abyss
   711 | D:1      | Reached skill level 1 in Dodging
   855 | D:1      | Gained mutation: You have sharp toenails. [demonic ancestry]
   855 | D:1      | Reached XP level 2. HP: 24/24 MP: 3/3
   918 | D:1      | Reached * piety under Lugonu
  1445 | D:1      | Gained mutation: You sometimes gain a little power by taking damage. [demonic ancestry]
  1445 | D:1      | Reached XP level 3. HP: 14/29 MP: 5/5
  2629 | D:2      | Reached ** piety under Lugonu
  2802 | D:2      | Reached XP level 4. HP: 34/35 MP: 6/6
  3155 | D:2      | Found an ornate altar of the Wu Jian Council.
  3790 | D:2      | Found a shadowy altar of Dithmenos.
  3791 | D:2      | Found a sparkling altar of Nemelex Xobeh.
  3793 | D:2      | Found a hide-covered altar of Uskayaw.
  4031 | D:3      | Found a glowing golden altar of the Shining One.
  4095 | D:3      | Gained mutation: You have razor-sharp toenails. [demonic ancestry]
  4095 | D:3      | Reached XP level 5. HP: 31/41 MP: 7/7
  4295 | D:3      | Noticed a two-headed ogre
  4314 | D:3      | HP: 1/63 [two-headed ogre/giant club (19)]
  4315 | D:3      | Slain by a two-headed ogre

Vault maps used:
D:1:      tarquinn_simple_flora_water_b, hangedman_decor_peaks_small
D:2:      minitemple, overflow_temple_1_default, first_bread
D:3:      tso_metal_star, minivault_25
Abyss:1:  evilmike_abyss_exit_vortex

Skill      XL: |  1  2  3  4  5 |
---------------+----------------+-----
Armour         | 2 |  2.5
Dodging        | 1 2 |  2.4
Long Blades    | 2 3 |  3.0
Invocations    | 3 |  3.7
Fighting       | |  3.8

Action                   |  1- 3 |  4- 6 || total
-------------------------+-------+-------++-------
Melee: Falchion          |   155 |   108 ||   263
       Kick              |    26 |     7 ||    33
Invok: Depart the Abyss  |     1 |       ||     1
       Bend Space        |     4 |       ||     4
  Use: Potion            |     1 |     5 ||     6
       Scroll            |       |     4 ||     4
  Eat: Chunk             |     6 |     5 ||    11
Armor: Leather armour    |    48 |    34 ||    82
       Skin              |       |     7 ||     7
Dodge: Dodged            |   101 |    75 ||   176
       Rpst.: Falchion   |    49 |    22 ||    71
